 Dungeon Crawl Stone Soup version 0.29.0-11-gd7f09526c8 (webtiles) character file.

Game seed: 7211480777999265518

12 sanka the Ruffian (level 2, 0/29 HPs)
             Began as a Troll Cinder Acolyte on Sept 2, 2022.
             Was a High Priest of Ignis.
             Slain by Terence
             ... wielding a +1 falchion of holy wrath
              (9 damage)
             ... on level 2 of the Dungeon.
             The game lasted 00:00:44 (1011 turns).

sanka the Ruffian (Troll Cinder Acolyte)            Turns: 1011, Time: 00:00:44

Health: 0/29       AC:  5    Str: 21    XL:     2   Next: 20%
Magic:  2/2        EV:  9    Int: 10    God:    Ignis [*****.]
Gold:   55         SH:  0    Dex:  5    Spells: 3/3 levels left

rFire   + . .      SeeInvis .     - Unarmed
rCold   . . .      Faith    .   (no shield)
rNeg    + . .      Spirit   .   a - +0 robe
rPois   .          Reflect  .   (helmet restricted)
rElec   .          Harm     .   b - +0 cloak
rCorr   .          Rampage  .   (gloves unavailable)
Will    .....                   (boots unavailable)
Stlth   +.........              (no amulet)
HPRegen 0.89/turn               (no ring)
MPRegen 0.08/turn               k - ring of positive energy

@: no status effects
A: large, unfitting armour, claws 3, regeneration 1, shaggy fur 1, tough skin 1
a: Renounce Religion, Fiery Armour, Foxfire Swarm, Rising Flame


You were on level 2 of the Dungeon.
You worshipped Ignis.
Ignis was extremely pleased with you.
You visited 1 branch of the dungeon, and saw 2 of its levels.

You collected 55 gold pieces.


Innate Abilities, Weirdness & Mutations

You are too large for most types of armour.
You have claws for hands.
Your natural rate of healing is unusually fast.
You are covered in fur. (AC +1)
You have tough skin. (AC +1)


   Skills:
 - Level 2.4 Fighting
 + Level 3.7 Unarmed Combat
 - Level 1.0 Spellcasting
 - Level 2.1 Fire Magic


You had 3 spell levels left.
You didn't know any spells.
Your spell library contained the following spells:

 Spells                   Type           Power      Damage    Failure   Level
 Scorch                   Fire           8%         2d5       22%         2

Inventory:

Missiles
 d - 2 curare-tipped darts {=f}
Armour
 a - a +0 robe (worn)
 b - a +0 cloak (worn)
Jewellery
 k - a ring of positive energy (right claw)
Scrolls
 c - 3 scrolls of identify {unknown}
 e - 2 scrolls of enchant weapon {unknown}
Potions
 f - a potion of heal wounds {unknown}
 g - a potion of mutation {unknown}
 h - a potion of invisibility {unknown}
 i - a potion of berserk rage {unknown}
 j - a potion of cancellation {unknown}

Dungeon Overview and Level Annotations

Branches:
Dungeon (2/15)

Altars:

Shops:
D:1 (

Annotations:
D:2 Robin, Sigmund, Terence

▒▒▒▒▒▒▒▒▒ ▒▒...▒...▒▒
▒▒.........▒▒
▒.......<...▒
▒...........▒▒▒▒ ....▒
▒..........T...▒▒ .....▒
▒▒.........▒@▒..▒
▒.....▒ ▒▒...▒...▒▒..▒.▒
▒.....▒
▒▒▒▒▒▒▒▒▒▒▒.K.▒▒▒▒.....▒
▒▒...........▒
▒▒..▒▒......▒
▒▒▒▒▒.........▒▒▒
..........£.......
▒▒▒▒▒▒...▒.....▒▒


You could see Terence (fast) and a kobold.


Message History

Terence seems to speed up.
You barely miss the kobold. The kobold hits you but does no damage.
You closely miss the kobold. The kobold hits you but does no damage.
You closely miss the kobold. The kobold hits you but does no damage.
Terence attacks as you move away! Terence barely misses you.
Terence hits you with a +1 falchion of holy wrath!
The kobold attacks as you move away! The kobold hits you but does no damage.
The kobold throws a stone.
The stone barely misses you. Terence hits you but does no damage.
The kobold throws a stone.
The stone hits you but does no damage.
Terence hits you with a +1 falchion of holy wrath.
Terence attacks as you move away!
Terence hits you with a +1 falchion of holy wrath.
Terence hits you with a +1 falchion of holy wrath.
* * * LOW HITPOINT WARNING * * *
Terence hits you but does no damage. Terence attacks as you move away!
Terence hits you with a +1 falchion of holy wrath!
* * * LOW HITPOINT WARNING * * *
You scratch Terence.
Terence is lightly wounded.
Terence hits you with a +1 falchion of holy wrath!
You die...

Action                   || total
-------------------------++-------
Melee: Unarmed           ||    24
Armor: Robe              ||    12
Dodge: Dodged            ||    14

Levels and vault maps discovered:
D:1:      nicolae_arrival_memento_mori, layout_loops_corners,
          hellmonk_ecumenical_altar_lost_god, serial_shops, shop
D:2:      layout_rooms, uniq_terence, uniq_robin, uniq_sigmund

Notes
Turn   | Place    | Note
-------+----------+-------------------------------------------
     0 | D:1      | sanka the Troll Cinder Acolyte began the quest for the Orb.
     0 | D:1      | Reached XP level 1. HP: 22/22 MP: 1/1
   119 | D:1      | Found a faded altar of an unknown god.
   326 | D:1      | Found Okofebocvin's Antique Weapon Emporium.
   882 | D:2      | Noticed Robin
   882 | D:2      | Noticed Sigmund
   891 | D:1      | Reached XP level 2. HP: 10/29 MP: 2/2
   996 | D:2      | Noticed Terence
  1011 | D:2      | Slain by Terence

Vanquished Creatures
  An endoplasm (D:1)
  4 goblins (D:1)
  2 hobgoblins (D:1)
  A quokka (D:1)
  2 kobolds (D:1)
10 creatures vanquished.
